 Dungeon Crawl Stone Soup version 0.32-a0-433-g08bcfe7efd (webtiles) character file.

Game seed: 4429733970372945263

133 MachoJfn the Chopper (level 4, 0/34 HPs)
             Began as a Demonspawn Gladiator on Feb 22, 2024.
             Slain by a sleepcap (4 damage)
             ... on level 6 of the Dungeon.
             The game lasted 00:08:50 (2829 turns).

MachoJfn the Chopper (Demonspawn Gladiator)         Turns: 2829, Time: 00:08:50

Health: 0/34       AC:  6    Str: 17    XL:     4   Next: 94%
Magic:  4/4        EV: 11    Int:  8    God:
Gold:   221        SH:  0    Dex: 12    Spells: 3/3 levels left

rFire   . . .        a - +0 war axe
rCold   . . .        (no shield)
rNeg    . . .        n - +0 ring mail
rPois   .            (helmet restricted)
rElec   .            (no cloak)
rCorr   .            (no gloves)
SInv    .            k - +0 pair of boots
Will    .....        (no amulet)
Stlth   +            (no ring)
HPRegen 0.25/turn    (no ring)
MPRegen 0.09/turn

%: no passive effects
@: no status effects
A: demonic guardian 1, weakness stinger 1, antennae 1, clumsy 1, high MP 1
a: no special abilities


You were on level 6 of the Dungeon.
You visited 1 branch of the dungeon, and saw 6 of its levels.

You collected 221 gold pieces.

Inventory:

Hand Weapons
 a - a +0 war axe (weapon)
Missiles
 d - 3 throwing nets (quivered)
 e - a javelin
 g - 34 stones
 h - 2 poisoned darts
 l - 3 darts of dispersal
Armour
 c - a +0 helmet
 k - a +0 pair of boots (worn)
 n - a +0 ring mail (worn)
Jewellery
 q - a +6 ring of intelligence
Scrolls
 j - 4 scrolls of identify
 o - a scroll of teleportation {unknown}
 p - a scroll of enchant weapon {unknown}
Potions
 b - a potion of heal wounds {unknown}
 f - a potion of enlightenment {unknown}
 i - a potion of curing


   Skills:
 + Level 2.4 Fighting
 + Level 4.2 Axes
 - Level 1.7 Throwing
 + Level 0.9 Armour
 + Level 3.4 Dodging
 + Level 0.3 Stealth


You had 3 spell levels left.
You didn't know any spells.
Your spell library contained the following spells:

 Spells                   Type           Power      Damage    Failure   Level
 Ignite Poison            Fire/Alch      0%         N/A       100%        4
 Sticky Flame             Fire/Alch      0%         2d4       100%        4
 Ignition                 Fire           0%         3d3       100%        8


Dungeon Overview and Level Annotations

Branches:
Dungeon (7/15)
 Temple: D:4-7

Altars:
Makhleb
Wu Jian

Shops:
D:1 ?   D:6 !

Annotations:
D:3 3 runed translucent doors
D:6 Maggie


Innate Abilities, Weirdness & Mutations

A weak demonic guardian rushes to your aid.
You have a small tail.
You have a pair of small antennae on your head.
You are clumsy. (Dex -2)
You have an increased reservoir of magic. (+10% MP)


Message History

The hound bites you but does no damage. The hound attacks as it pursues you!
The hound closely misses you. The hound attacks as it pursues you!
The hound bites you but does no damage. The hound barely misses you.
The hound attacks as it pursues you! The hound bites you.
The hound barely misses you. The hound attacks as it pursues you!
The hound barely misses you. The hound bites you but does no damage.
The hound attacks as it pursues you! The hound barely misses you.
The hound attacks as it pursues you! The hound closely misses you.
The hound bites you but does no damage. The hound barely misses you.
The hound bites you but does no damage. The hound attacks as it pursues you!
The hound bites you. The hound barely misses you.
The hound bites you but does no damage. The hound attacks as it pursues you!
The hound closely misses you. The hound bites you but does no damage.
There is a stone staircase leading down here.
The hound completely misses you.
You climb downwards.
Level annotation: Maggie The gnoll misses you.
The sleepcap releases spores at you.
A demonic guardian appears!
You are engulfed in a cloud of soporific spores!
You fall asleep.
The gnoll hits you with a +0 whip!
You wake up.
* * * LOW HITPOINT WARNING * * *
The sleepcap closely misses you.
There is a stone staircase leading up, spattered with blood here.
You feel extremely strange.
You feel more energetic. A pair of antennae grows on your head!
Your +0 helmet falls away!
You feel clumsy. The hound bites you.
* * * LOW HITPOINT WARNING * * *
The gnoll barely misses you. The hound bites you.
* * * LOW HITPOINT WARNING * * *
The sleepcap releases spores at you.
You die...

#.....##....#
#.....##....#
#.....#.....#
..
#$....#.....#
....
#.....#.....#
#...
#....g#######
.##...
#.....##....#
..oo..
#....gf......
......
#....@.......
....>.
#....h.......
......
#.....5......
......
#............
..l...
#...####....#
.##... #...
....# ###+
#... ...#
#... ...#


You could see a sleepcap, a hound (ally target), 2 gnolls and a friendly iron
imp (summoned).

Vanquished Creatures
  3 adders
  2 ufetubi (D:5)
  4 dart slugs
  2 orcs (D:3)
  6 ball pythons
  3 bats
  7 endoplasms
  17 giant cockroaches
  9 goblins
  7 hobgoblins
  4 quokkas
  6 kobolds
  3 rats
73 creatures vanquished.

Notes
Turn   | Place    | Note
-------+----------+-------------------------------------------
     0 | D:1      | MachoJfn the Demonspawn Gladiator began the quest for the
                  | Orb.
     0 | D:1      | Reached XP level 1. HP: 16/16 MP: 1/1
   234 | D:1      | Reached skill level 3 in Axes
   241 | D:1      | Found The Oracle's Delphic Readings.
   306 | D:1      | Gained mutation: You have a small tail. [demonic ancestry]
   306 | D:1      | Reached XP level 2. HP: 22/22 MP: 2/2
   630 | D:1      | Reached XP level 3. HP: 27/27 MP: 3/3
  1376 | D:2      | Gained mutation: A weak demonic guardian rushes to your
                  | aid. [demonic ancestry]
  1376 | D:2      | Reached XP level 4. HP: 33/33 MP: 4/4
  2056 | D:3      | Found a burning altar of Makhleb.
  2062 | D:3      | Reached skill level 4 in Axes
  2262 | D:3      | Found a faded altar of an unknown god.
  2497 | D:3      | Found a runed translucent gate.
  2497 | D:3      | Found a runed translucent gate.
  2497 | D:3      | Found a runed translucent gate.
  2535 | D:3      | You fall into a shaft and drop 3 floors!
  2549 | D:6      | Noticed an ice beast
  2580 | D:6      | Noticed Maggie
  2601 | D:6      | Found Fuptocul's Distillery.
  2602 | D:6      | Noticed an orc warrior
  2606 | D:5      | Entered Level 5 of the Dungeon
  2657 | D:5      | Noticed an ice beast
  2795 | D:5      | Noticed an ogre
  2805 | D:5      | Found an ornate altar of the Wu Jian Council.
  2829 | D:6      | Gained mutation: You have an increased reservoir of magic.
                  | (+10% MP) [potion of mutation]
  2829 | D:6      | Gained mutation: You have a pair of small antennae on your
                  | head. [potion of mutation]
  2829 | D:6      | Gained mutation: You are clumsy. (Dex -2) [potion of
                  | mutation]
  2829 | D:6      | Slain by a sleepcap

Illustrated notes

Levels and vault maps discovered:
D:1:      dpeg_arrival_arbitrary_a, layout_basic,
          nicolae_kite_square_tiling_tiny, minivault_24,
          nicolae_nh_oracle_at_delphi
D:2:      minmay_roachtagon, layout_loops_corners
D:3:      layout_basic, mainiacjoe_overflow_cross_hatched,
          chequers_ecumenical_altar_island, gammafunk_ghost_icy
D:5:      layout_loops_corners, overflow_temple_1_default,
          nzn_wu_jian_contemplation
D:6:      layout_gridville, zin_academy, serial_shops, shop, shop,
          kennysheep_little_box, shop, minivault_11, uniq_jeremiah, uniq_maggie
D:7:      old_forge, layout_gridville

Skill      XL: |  1  2  3  4 |
---------------+-------------+-----
Axes           | 3 4 |  4.2
Dodging        | 3 |  3.4
Fighting       | |  2.4
Throwing       | |  1.7
Armour         | |  0.9
Stealth        | |  0.3

Action                     |  1- 3 |  4- 6 || total
---------------------------+-------+-------++-------
  Melee: War axe           |    93 |    88 ||   181
         Tailslap          |     8 |     8 ||    16
    Use: Scroll            |     3 |     2 ||     5
         Potion            |     2 |     1 ||     3
   Stab: Sleeping          |     2 |     1 ||     3
 Armour: Leather armour    |    58 |    27 ||    85
         Ring mail         |       |   125 ||   125
  Dodge: Dodged            |    71 |   206 ||   277

Table legend: (Time is in decaauts)
 A = Elapsed time spent in this place.
 B = Non-inter-level travel time spent in this place.
 C = Inter-level travel time spent in this place.
 D = Time resting spent in this place.
 E = Time spent auto-exploring this place.
 F = Levels seen in this place.
 G = Mean time per level.
                   A        B        C        D        E       F      G
               +--------+--------+--------+--------+--------+-----+--------+
         Total |   2891 |   2636 |    255 |    240 |   1714 |   6 |  481.8 |
       Dungeon |   2891 |   2636 |    255 |    240 |   1714 |   6 |  481.8 |
               +--------+--------+--------+--------+--------+-----+--------+

Top non-repeatable levels by time:
     D:2: 1127 daAuts
     D:1: 965 daAuts
     D:3: 500 daAuts
     D:5: 223 daAuts
     D:6: 61 daAuts
     D:7: 12 daAuts
